 Dungeon Crawl Stone Soup version 0.22-a0-322-g60b3cfd (webtiles) character file.

35 Kairos the Charmwright (level 3, 27/27 HPs)
             Began as a Mummy Skald on Apr 4, 2018.
             Safely got out of the dungeon.
             The game lasted 00:01:26 (1348 turns).

Kairos the Charmwright (Mummy Skald)                Turns: 1348, Time: 00:01:27

Health: 27/27      AC:  3    Str: 14    XL:     3   Next: 16%
Magic:  7/7        EV: 12    Int: 12    God:
Gold:   70         SH:  0    Dex: 12    Spells: 6/7 levels left

rFire    x . .     SeeInvis .   a - +0 mace
rCold    + . .     Gourm    .   (no shield)
rNeg     + + +     Faith    .   b - +0 leather armour
rPois    ∞         Spirit   .   (no helmet)
rElec    .         Reflect  .   (no cloak)
rCorr    .         Harm     .   (no gloves)
MR       .....                  (no boots)
Stlth    +.........             (no amulet)
HPRegen  0.09/turn              (no ring)
MPRegen  0.10/turn              (no ring)

@: about to teleport
A: no food or potions, fire vulnerability, cold resistance 1, negative energy
resistance 3, torment resistance, unbreathing
a: no special abilities


You escaped.
You were not hungry.

You visited 1 branch of the dungeon, and saw 1 of its levels.

You collected 70 gold pieces.

Inventory:

Hand Weapons
 a - a +0 mace (weapon)
Armour
 b - a +0 leather armour (worn)
Scrolls
 c - a scroll of teleportation


   Skills:
 + Level 2.2 Fighting
 + Level 1.9 Maces & Flails
 + Level 1.2 Armour
 + Level 1.8 Dodging
 + Level 2.8 Spellcasting
 + Level 2.8 Charms


You had 6 spell levels left.
You knew the following spells:

 Your Spells              Type           Power        Failure   Level  Hunger
a - Infusion              Chrm           #...         10%         1    N/A

Dungeon Overview and Level Annotations

Branches:
Dungeon (1/15)

Altars:


Innate Abilities, Weirdness & Mutations

You do not eat or drink.
Your flesh is vulnerable to fire.
You are immune to poison.
Your flesh is cold resistant. (rC+)
You are immune to negative energy. (rN+++)
You are immune to unholy pain and torment.
You can survive without breathing.


Message History

No target in view!
No target in view!
Done exploring.
Done exploring.
You see here a black potion.
There is an open gate here.
There is an open door here.
There is an open door here.
There is an open door here.
There is a staircase leading out of the dungeon here.
Are you sure you want to leave the Dungeon?
This will make you lose the game!
Alright, then stay!
As you read the scroll labeled ARGHODDUSCHURAO, it crumbles to dust.
You feel strangely unstable.
It was a scroll of teleportation.
As you read the scroll labeled PAILYEN LATICA, it crumbles to dust.
It is a scroll of identify.
You don't have any unidentified items.
You can't go down here!
Are you sure you want to leave the Dungeon?
This will make you lose the game!
You have escaped!

#.##.#.#####.# #.# #.#.#......
#.##.#.#####.###.# #.#.#######
#.#............#.######.#........
#.#..#....>......................
#.#..............................
#)#.######.#.####################
.......#......#...'....♣
#.#.#.##.#.#..#...####'#
#.#.#.........#.@.#♣♣♣.♣
#.#.########.##...#♣..♣♣
.............##...#.♣♣♣
....#####.#########'#####
....#...#.# #.........#
....#.#.#.### #.........#
#.#.#.#.....# #......§§§# ###
#.#.#.#.....# #≈.......§# #..
#.#.........# #≈......§≈# #[.


There were no monsters in sight!

Vanquished Creatures
  An ooze (D:1)
  5 dart slugs (D:1)
  A leopard gecko (D:1)
  A giant cockroach (D:1)
  2 goblins (D:1)
  A hobgoblin (D:1)
  A kobold (D:1)
  A ball python (D:1)
  3 bats (D:1)
  2 frilled lizards (D:1)
  3 rats (D:1)
21 creatures vanquished.

Notes
Turn   | Place    | Note
-------+----------+-------------------------------------------
     0 | D:1      | Kairos the Mummy Skald began the quest for the Orb.
     0 | D:1      | Reached XP level 1. HP: 16/16 MP: 4/4
   411 | D:1      | Reached XP level 2. HP: 5/22 MP: 1/5
   708 | D:1      | Reached skill level 1 in Armour
  1117 | D:1      | Reached XP level 3. HP: 25/27 MP: 7/7
  1348 | D:$      | Safely got out of the dungeon.

Vault maps used:
D:1:      scummos_arrival_gate

Skill      XL: |  1  2 |
---------------+-------+-----
Armour         | 1 |  1.2
Fighting       | |  2.2
Maces & Flails | |  1.9
Dodging        | |  1.8
Spellcasting   | |  2.8
Charms         | |  2.8

Action                   || total
-------------------------++-------
Melee: Mace              ||    54
 Cast: Infusion          ||     5
  Use: Scroll            ||     2
Armor: Leather armour    ||    14
Dodge: Dodged            ||    32

Table legend:
 A = Spawn XP
 B = Non-spawn XP
 C = Spawn XP percentage of total XP
 D = Spawn monster count
 E = Non-spawn monster count
 F = Spawn count percentage of total count
 G = Total turns spent on level
                    A         B        C        D         E        F      G
               +---------+---------+-------+---------+---------+-------+---------
         Total |       0 |      50 |   0.0 |       0 |      21 |   0.0 |  1348
               +---------+---------+-------+---------+---------+-------+---------
           D:1 |       0 |      50 |   0.0 |       0 |      21 |   0.0 |  1348
               +---------+---------+-------+---------+---------+-------+---------
